Map: 사이버 포레스트 - 래더

Players

Snute

  • Race: Zerg Zerg
  • Spawn Location: 5:00

Ragnarok (SHIN) - Winner!

  • Race: Zerg Zerg
  • Spawn Location: 11:00

Event: IEM Season 13: Katowice (2019)

VOD

Have the link to the VOD?

Description

Time

  • Played on: Feb. 25, 2019, 4:06 a.m.
  • Length: 2:52

All games in this series

Show
View Real Time Build Order
Export as new Build Order

Snute Zerg 

Build Orders: 3 Hatch before Pool 

Get SALT Encoding   

  12  0:00  Drone  
  13  0:12  Overlord  
  13  0:16  Drone  
  14  0:30  Drone x2  
  14  0:34  Drone  
  17  0:52  Hatchery  
  17  0:54  Drone  
  17  0:58  Drone  
  18  1:06  Drone  
  19  1:22  Hatchery  
  18  1:25  Extractor  
  18  1:26  Drone  
  18  1:37  Drone, Spawning Pool  
  18  1:39  Drone  
  20  1:54  Hatchery  
  19  2:03  Overlord  
  19  2:24  Zergling x2  
  19  2:25  Zergling x4  
  21  2:34  Zergling x2  
Show
View Real Time Build Order
Export as new Build Order

Ragnarok Zerg - Winner!

Build Orders: Pool First 

Get SALT Encoding   

  12  0:17  Spawning Pool  
  11  0:21  Drone  
  11  0:26  Drone  
  13  0:31  Drone  
  14  0:40  Overlord  
  14  1:03  Zergling x2  
  14  1:04  Zergling x2  
  16  1:05  Zergling x2  
  17  1:16  Zergling x2  
  18  1:19  Hatchery  
  17  1:26  Zergling x2  
  18  1:34  Queen  
  18  1:38  Zergling x2  
  21  1:48  Zergling x2  
  22  1:59  Overlord  
  22  2:17  Drone  
  25  2:23  Drone  
  26  2:31  Drone  
  26  2:33  Drone  

Tags
 
Add a new tag
Caveats
  • Supply blocks, unpowered buildings, or Contaminate may cause inaccurate times.
  • Supply counts are checked every 10 seconds.